 Dungeon Crawl Stone Soup version 0.28.0-53-g5a82cb258f (webtiles) character file.

Game seed: 7476013769322916005

561 ZappyNine the Shield-Bearer (level 7, -2/51 (56) HPs)
             Began as a Formicid Fighter on June 29, 2022.
             Slain by an ogre
             ... wielding a +0 giant spiked club
              (22 damage)
             ... on level 5 of the Dungeon.
             The game lasted 00:03:55 (4979 turns).

ZappyNine the Shield-Bearer (Formicid Fighter)      Turns: 4979, Time: 00:03:56

HP:   -2/51 (56)    AC: 10    Str: 23    XL:     7   Next: 57%
MP:   7/7           EV:  9    Int:  7    God:
Gold: 73            SH:  5    Dex: 10    Spells: 6/6 levels left

rFire   . . .      SeeInvis +   a - +0 long sword
rCold   . . .      Faith    .   c - +0 buckler
rNeg    . . .      Spirit   .   b - +0 scale mail
rPois   .          Reflect  .   (helmet unavailable)
rElec   .          Harm     .   i - +2 cloak
rCorr   .          Rampage  .   (no gloves)
Will    .....                   (no boots)
Stlth   ..........              (no amulet)
HPRegen 0.17/turn               (no ring)
MPRegen 0.10/turn               (no ring)

@: drained
A: permanent stasis, dig shafts and tunnels, antennae 3, four strong arms
a: Dig, Shaft Self


You were on level 5 of the Dungeon.
You visited 1 branch of the dungeon, and saw 5 of its levels.

You collected 73 gold pieces.

Inventory:

Hand Weapons
 a - a +0 long sword (weapon)
Armour
 b - a +0 scale mail (worn)
 c - a +0 buckler (worn)
 i - a +2 cloak (worn)
Wands
 t - a wand of digging (7)
Scrolls
 h - a scroll of teleportation
 j - a scroll of noise
 n - a scroll of identify
Potions
 d - 3 potions of might
 e - a potion of haste {unknown}
 g - 4 potions of curing
 l - 2 potions of brilliance
 m - 2 potions of degeneration
 o - a potion of flight {unknown}
 r - a potion of lignification


   Skills:
 + Level 5.2 Fighting
 + Level 4.2 Long Blades
 + Level 5.3 Armour
 + Level 5.8 Shields


You had 6 spell levels left.
You didn't know any spells.
Your spell library was empty.

Dungeon Overview and Level Annotations

Branches:
Dungeon (5/15)
 Temple: D:4-7

Altars:
Nemelex Xobeh


Innate Abilities, Weirdness & Mutations

You cannot be hasted, slowed, berserked, paralysed or teleported.
You can dig through walls and to a lower floor.
You have a pair of large antennae on your head. (SInv)
Your four strong arms can wield two-handed weapons with a shield.


Message History

You climb upwards.
There is a stone staircase leading down here.
You start resting.
You start resting.
HP restored.
You climb downwards.
The ogre hits you with a +0 giant spiked club!
There is a stone staircase leading up here.
You hit the ogre.
The ogre is lightly wounded.
The ogre barely misses you.
You slash the ogre!
The ogre is severely wounded.
The ogre hits you with a +0 giant spiked club!!
You are too injured to fight recklessly!
You are too injured to fight recklessly!
You are too injured to fight recklessly!
You are too injured to fight recklessly!
You are too injured to fight recklessly!
You are too injured to fight recklessly!
You are too injured to fight recklessly!
You are too injured to fight recklessly!
You are too injured to fight recklessly!
You are too injured to fight recklessly!
You are too injured to fight recklessly!
You are too injured to fight recklessly!
You are too injured to fight recklessly!
You are too injured to fight recklessly!
You are too injured to fight recklessly!
You are too injured to fight recklessly!
You are too injured to fight recklessly!
You are too injured to fight recklessly!
You are too injured to fight recklessly!
You are too injured to fight recklessly!
You are too injured to fight recklessly!
You are too injured to fight recklessly!
You hit the ogre.
The ogre is almost dead.
The ogre hits you with a +0 giant spiked club!!
You die...

#..{##############
####$)..............#
.........#########.##
.................#.#
......?.^......##..#
..........########.#
........#.# #.#
#########.########.#
#.#@O......#
#.########## #.# #.#
.#


You could see an ogre.

Vanquished Creatures
  A phantom (D:2)
  2 hounds (D:4)
  2 jellies (D:4)
  An orc priest (D:4)
  Ijyb (D:4)
  Natasha (thrice) (D:2)
  2 iguanas (D:4)
  An orc wizard (D:4)
  Terence (D:2)
  Robin (D:2)
  3 adders
  3 dart slugs (D:1)
  17 orcs
  7 endoplasms
  2 giant cockroaches (D:4)
  9 goblins
  7 hobgoblins
  4 ball pythons
  6 bats
  2 frilled lizards (D:1)
  4 kobolds
  7 rats
86 creatures vanquished.

Notes
Turn   | Place    | Note
-------+----------+-------------------------------------------
     0 | D:1      | ZappyNine the Formicid Fighter began the quest for the Orb.
     0 | D:1      | Reached XP level 1. HP: 18/18 MP: 1/1
    94 | D:1      | Reached XP level 2. HP: 24/24 MP: 2/2
   525 | D:1      | Reached XP level 3. HP: 29/29 MP: 3/3
   796 | D:2      | Noticed Robin
   799 | D:2      | Noticed Natasha
   811 | D:2      | Killed Natasha
   812 | D:2      | Reached XP level 4. HP: 15/34 MP: 4/4
   836 | D:2      | Killed Robin
  1465 | D:2      | Reached XP level 5. HP: 40/42 MP: 5/5
  1533 | D:2      | Noticed Terence
  1536 | D:2      | Noticed Natasha
  1540 | D:2      | Killed Terence
  1571 | D:2      | Killed Natasha
  1936 | D:2      | Found a faded altar of an unknown god.
  1937 | D:2      | Noticed an eye of devastation
  1939 | D:2      | Noticed an eye of devastation
  1945 | D:2      | Noticed a great orb of eyes
  1991 | D:2      | Noticed a golden eye
  2161 | D:2      | Noticed a phantom
  2179 | D:2      | Killed a phantom
  2180 | D:2      | Reached skill level 5 in Shields
  2180 | D:2      | Reached XP level 6. HP: 31/48 MP: 6/6
  2375 | D:2      | Noticed Natasha
  2380 | D:2      | Killed Natasha
  3162 | D:4      | Noticed Ijyb
  3180 | D:4      | Killed Ijyb
  3194 | D:4      | Reached XP level 7. HP: 32/55 MP: 7/7
  3609 | D:4      | Reached skill level 5 in Fighting
  3609 | D:4      | Reached skill level 5 in Armour
  4143 | D:4      | Found a sparkling altar of Nemelex Xobeh.
  4499 | D:5      | Entered Level 5 of the Dungeon
  4690 | D:5      | HP: 2/53 [ogre/+0 giant spiked club (30)]
  4979 | D:5      | Slain by an ogre

Illustrated notes

Levels and vault maps discovered:
D:1:      minmay_arrival_shoal_huts, layout_basic
D:2:      layout_basic, hellmonk_ecumenical_altar_watching_god, uniq_robin,
          uniq_natasha, uniq_terence
D:3:      layout_loops_cross
D:4:      layout_gridville, nemelex_diamond_rough_becter, sigmund_army,
          uniq_ijyb
D:5:      layout_basic, minmay_temple_entry_overgrown, serial_curves,
          eino_curves_03, eino_curves_02

Skill      XL: |  1  2  3  4  5  6  7 |
---------------+----------------------+-----
Shields        | 4 5 |  5.8
Fighting       | 4 5 |  5.2
Armour         | 4 5 |  5.3
Long Blades    | 3 4 |  4.2

Action                   |  1- 3 |  4- 6 |  7- 9 || total
-------------------------+-------+-------+-------++-------
Melee: Long sword        |    53 |   186 |    91 ||   330
 Abil: Dig               |     2 |     3 |     2 ||     7
  Use: Scroll            |       |       |    11 ||    11
Armor: Scale mail        |    18 |    70 |    35 ||   123
Dodge: Dodged            |    28 |    72 |    32 ||   132
Block: Buckler           |    10 |    43 |    13 ||    66
